Map: Thunderbird LE

Players

Quaterno

  • Race: Zerg Zerg
  • League: Master
  • Spawn Location: 5:00

FOX - Winner!

  • Race: Terran Terran
  • Spawn Location: 11:00

VOD

Have the link to the VOD?

Description

Time

  • Played on: Sept. 10, 2019, 1:57 a.m.
  • Length: 12:03
Show
View Real Time Build Order
Export as new Build Order

Quaterno Zerg 

Build Orders: Hatch First 

Get SALT Encoding   

  12  0:01  Drone  
  13  0:14  Overlord  
  13  0:19  Drone  
  14  0:32  Drone x2  
  16  0:50  Hatchery  
  16  0:52  Drone  
  16  0:55  Drone  
  17  0:59  Drone  
  18  1:09  Extractor  
  17  1:14  Spawning Pool  
  17  1:17  Drone  
  17  1:20  Drone  
  18  1:31  Drone  
  19  1:42  Drone  
  20  1:47  Hatchery  
  20  1:53  Drone  
  20  2:02  Queen  
  20  2:03  Zergling x2  
  20  2:05  Zergling x2  
  24  2:14  Queen  
  26  2:20  Overlord  
  26  2:33  Drone  
  26  2:34  Drone  
  26  2:36  Metabolic Boost  
  28  2:44  Drone x2  
  28  2:45  Drone x2  
  32  2:54  Pneumatized Carapace  
  32  2:57  Drone x2  
  32  2:58  Drone  
  35  3:05  Queen  
  37  3:09  Overlord  
  37  3:15  Queen  
  39  3:21  Zergling x6  
  42  3:28  Drone x2  
  42  3:30  Overlord  
  42  3:31  Drone  
  45  3:35  Zergling x4  
  47  3:50  Queen  
  47  3:52  Drone x7  
  56  4:00  Drone  
  56  4:01  Drone  
  58  4:05  Spore Crawler, Lair  
  58  4:07  Spore Crawler  
  56  4:10  Spore Crawler  
  56  4:11  Drone  
  56  4:14  Overlord  
  56  4:17  Overlord  
  56  4:19  Drone  
  56  4:21  Drone  
  58  4:31  Overlord  
  58  4:32  Overlord  
  58  4:33  Drone  
  58  4:34  Drone x4  
  58  4:38  Queen  
  65  4:46  Baneling Nest  
  65  4:52  Drone x2  
  66  4:54  Extractor x2  
  66  4:59  Overlord  
  64  5:12  Drone x4  
  64  5:13  Hydralisk Den, Drone x3  
  64  5:14  Evolution Chamber, Drone x4  
  72  5:15  Drone x4  
  72  5:16  Evolution Chamber  
  72  5:20  Queen  
  78  5:28  Overlord  
  78  5:29  Overlord  
  78  5:37  Extractor, Drone x2  
  78  5:38  Drone x3, Extractor  
  78  5:39  Drone x3  
  84  5:43  Centrifical Hooks  
  84  5:50  Overseer  
  83  6:07  Drone x3  
  84  6:13  Hatchery  
  84  6:16  Zergling x26  
  96  6:20  Zerg Ground Armor Level 1, Zerg Melee Weapons Level 1  
  96  6:24  Drone, Hatchery  
  96  6:26  Queen  
  96  6:30  Muscular Augments  
  98  6:41  Overlord  
  98  6:42  Overlord  
  98  6:52  Drone  
  98  6:54  Hydralisk x7  
  99  6:57  Baneling x3  
  113  7:07  Overlord  
  113  7:08  Overlord x2  
  113  7:09  Overlord  
  113  7:10  Overlord  
  113  7:11  Overlord  
  113  7:13  Overlord  
  113  7:18  Spore Crawler  
  105  7:29  Zergling x22  
  93  7:39  Hydralisk  
  93  7:40  Zergling x12  
  93  7:41  Queen  
  103  7:47  Baneling  
  103  7:48  Baneling x13  
  103  7:49  Queen  
  105  7:54  Drone  
  105  7:55  Zergling x8  
  105  7:56  Infestation Pit, Zergling x2  
  105  7:58  Baneling x4  
  101  8:31  Zerg Melee Weapons Level 2, Zerg Ground Armor Level 2  
  101  8:32  Hydralisk  
  103  8:34  Drone  
  103  8:35  Drone x20  
  116  8:51  Queen  
  118  8:58  Overseer  
  118  9:01  Overseer  
  118  9:04  Hydralisk x3  
  118  9:05  Hydralisk x3  
  118  9:06  Zergling x14  
  137  9:15  Extractor  
  136  9:17  Drone, Hive  
  136  9:18  Drone x2  
  136  9:19  Zergling x20  
  149  9:30  Zergling x2, Baneling x6  
  149  9:31  Zergling x14, Queen  
  157  9:36  Queen  
  159  9:48  Zergling x2  
  159  9:49  Zergling x12  
  159  9:50  Overlord x4  
  166  9:55  Baneling x13  
  161  10:04  Zergling x8  
  161  10:05  Zergling x10  
  164  10:12  Zergling x8  
  153  10:18  Zergling x6  
  124  10:24  Baneling x18  
  124  10:25  Zergling x6  
  123  10:37  Zergling x12  
  123  10:39  Ultralisk Cavern  
  123  10:41  Hatchery  
  123  10:47  Zergling x4  
  125  10:56  Zergling x6  
  128  11:00  Zergling x2  
  128  11:01  Zergling x4  
  131  11:15  Zergling x12  
  135  11:25  Zergling x20  
  109  11:39  Zergling x8  
  131  11:43  Zergling x2  
Show
View Real Time Build Order
Export as new Build Order

FOX Terran - Winner!

Build Orders: Reaper Expand, Hellion Banshee 

Get SALT Encoding   

  12  0:00  SCV  
  13  0:12  SCV  
  14  0:17  Supply Depot  
  14  0:24  SCV  
  15  0:38  SCV  
  15  0:41  Barracks  
  16  0:43  Refinery  
  16  0:50  SCV  
  17  1:02  SCV  
  18  1:14  SCV  
  19  1:27  Orbital Command  
  19  1:28  Reaper  
  20  1:39  Command Center  
  20  1:48  Supply Depot  
  20  1:53  SCV  
  21  2:00  Marine  
  22  2:05  SCV  
  22  2:08  Factory  
  23  2:12  Refinery  
  23  2:18  SCV  
  23  2:21  Barracks Reactor  
  24  2:30  SCV  
  25  2:42  SCV  
  26  2:54  SCV  
  26  2:55  Starport  
  26  2:57  Orbital Command  
  27  3:04  Hellion x2  
  27  3:05  Barracks Tech Lab  
  31  3:06  SCV  
  31  3:12  Supply Depot  
  32  3:18  SCV  
  33  3:26  SCV, Hellion x2  
  38  3:30  SCV  
  38  3:34  Barracks Tech Lab  
  39  3:38  Cloaking Field, Banshee  
  42  3:43  SCV x2  
  44  3:50  Hellion x2  
  44  3:54  Stimpack  
  48  3:59  SCV x2  
  48  4:00  Supply Depot  
  50  4:11  SCV x2  
  52  4:21  Factory Reactor  
  52  4:24  Command Center  
  52  4:25  Banshee, Supply Depot  
  52  4:29  SCV x2  
  57  4:37  Barracks  
  57  4:38  Barracks  
  57  4:42  SCV x2  
  59  4:50  Engineering Bay  
  59  4:52  Engineering Bay  
  59  4:55  Refinery  
  59  4:57  Refinery  
  59  5:00  SCV x2  
  59  5:01  Supply Depot  
  61  5:13  SCV x2  
  63  5:17  Starport Reactor  
  63  5:18  Marine, Siege Tank  
  67  5:26  Marine x2  
  67  5:27  SCV, Terran Infantry Armor Level 1, Terran Infantry Weapons Level 1  
  67  5:28  SCV  
  71  5:33  Marine x2  
  73  5:35  Orbital Command  
  73  5:38  Marine, Combat Shield  
  73  5:39  SCV  
  73  5:40  SCV  
  76  5:44  Marine x2  
  78  5:51  Marine x2  
  78  5:52  Supply Depot  
  78  5:55  Medivac x2  
  78  5:56  Marine  
  85  5:58  SCV x2  
  85  6:02  Marine x2  
  89  6:09  Marine x2  
  91  6:12  Orbital Command  
  91  6:13  Marine, Siege Tank  
  95  6:20  Marine x2, Supply Depot  
  95  6:21  Supply Depot  
  95  6:24  Supply Depot  
  97  6:29  Barracks  
  97  6:30  Barracks  
  97  6:32  Armory  
  97  6:34  Medivac  
  97  6:37  SCV  
  97  6:38  SCV  
  101  6:42  SCV  
  102  6:50  Marine x5  
  102  6:52  Siege Tank  
  110  6:58  SCV x3  
  113  7:08  Marine x5  
  116  7:10  SCV x2  
  116  7:14  Medivac x2  
  124  7:16  SCV, Refinery  
  124  7:22  SCV  
  123  7:24  Siege Tank  
  123  7:25  Marine  
  123  7:26  Marine x2  
  121  7:31  Marine x2  
  117  7:43  Marine x3, Barracks Reactor x2  
  118  7:46  Terran Infantry Armor Level 2  
  118  7:48  Barracks  
  118  7:49  Marine x2, Barracks  
  120  7:52  Barracks  
  120  7:56  Siege Tank, SCV x2  
  125  8:03  Marine x2, SCV  
  125  8:04  Supply Depot  
  125  8:05  Supply Depot  
  128  8:06  Supply Depot  
  128  8:07  Medivac x2  
  128  8:12  Terran Infantry Weapons Level 2  
  128  8:14  Marine x3  
  128  8:17  SCV x2  
  128  8:18  SCV  
  131  8:21  Marine  
  131  8:22  Marine x3  
  131  8:25  Marine  
  126  8:29  Concussive Shells  
  126  8:30  Siege Tank  
  126  8:31  Marine  
  126  8:32  Marine x2  
  126  8:33  Marauder  
  134  8:39  Marine  
  135  8:44  Barracks Tech Lab x3  
  135  8:45  Marine x3  
  133  8:48  Marine  
  133  8:50  Supply Depot  
  133  8:51  Supply Depot  
  133  8:52  Supply Depot  
  134  8:56  Marine x3, Marauder  
  134  8:57  Marine  
  134  9:02  Marine x2, Siege Tank  
  143  9:07  Marine x2, Marauder x2  
  143  9:08  Marauder  
  153  9:14  Marine x2  
  155  9:19  Command Center  
  155  9:25  Marine x2, Marauder  
  155  9:29  Marauder x2  
  163  9:33  Marine x2  
  163  9:34  Siege Tank, Marauder  
  170  9:38  Marine x2  
  172  9:46  Marine x4, Marauder  
  172  9:50  Marauder x2  
  172  9:51  Marine  
  172  9:52  Marine  
  181  9:56  Marine x2  
  181  9:58  Marauder  
  179  10:04  Marine x4  
  177  10:07  Marauder  
  177  10:09  Marine  
  177  10:10  Marine  
  177  10:11  Marauder  
  177  10:12  Marauder  
  178  10:14  Marine x2  
  178  10:19  Marauder  
  163  10:22  Marine x4  
  163  10:27  Marine  
  163  10:28  Marine  
  169  10:29  Marauder  
  169  10:32  Marine x2  
  169  10:33  Marauder x2  
  176  10:40  Siege Tank, Marauder  
  181  10:44  Planetary Fortress  
  181  10:45  Marine x3  
  184  10:50  Marauder  
  184  10:56  Marine x3  
  184  10:57  Marauder  
  191  11:00  Marine, Marauder  
  191  11:03  Marauder  
  196  11:19  Marine  
  196  11:20  Marine x6  
  196  11:21  Marine, Siege Tank, Marauder x3  
  196  11:24  Marine  
  174  11:32  Refinery  
  169  11:33  Refinery  
  169  11:36  Marine  
  169  11:37  Marine x2  
  169  11:38  Marine x2  
  174  11:40  Marine  
  174  11:41  Marine x2  
Tags
 
Add a new tag
Caveats
  • Supply blocks, unpowered buildings, or Contaminate may cause inaccurate times.
  • Supply counts are checked every 10 seconds.